 Dungeon Crawl Stone Soup version 0.31-a0-876-gfe8ebadbca (webtiles) character file.

Game seed: 14175700677600176821

3537 Newt the Trooper (level 10, -2/63 HPs)
             Began as a Gargoyle Fighter on Oct 13, 2023.
             Slain by a killer bee (5 damage)
             ... on level 7 of the Dungeon.
             The game lasted 00:08:45 (7677 turns).

Newt the Trooper (Gargoyle Fighter)                 Turns: 7677, Time: 00:08:46

Health: -2/63      AC: 23    Str: 24    XL:     10   Next: 8%
Magic:  19/19      EV:  8    Int:  9    God:
Gold:   451        SH: 10    Dex: 11    Spells: 19/21 levels left

rFire   . . .        D - +5 trident (vamp)
rCold   x . .        E - +2 kite shield
rNeg    + . .        b - +0 scale mail
rPois   ∞            p - +4 helmet of the Original Sin {+Blink rC- Dex+2}
rElec   +            C - +2 cloak
rCorr   +            (no gloves)
SInv    .            (no boots)
Will    .....        k - amulet of the acrobat Stlth
                     h - ring of resist corrosion
HPRegen 0.30/turn    (no ring)
MPRegen 0.16/turn

%: acrobat
@: brilliant, about to teleport, weakened
A: sickness immunity, AC +7, negative energy resistance 1, electricity
resistance, torment resistance 1, petrification resistance
a: Evoke Blink


You were on level 7 of the Dungeon.
You visited 1 branch of the dungeon, and saw 7 of its levels.

You collected 451 gold pieces.

Inventory:

Hand Weapons
 a - a +0 flail
 g - a +0 dagger of venom
 j - a +1 whip of freezing
 s - a +3 dagger
 t - a +2 hand axe of freezing
 w - a +2 vampiric scythe
 y - a +2 flail of protection
 D - a +5 vampiric trident (weapon)
Missiles
 m - 5 silver javelins
Armour
 b - a +0 scale mail (worn)
 c - a +0 buckler
 n - a +0 helmet
 p - the +4 helmet of the Original Sin (worn) {+Blink rC- Dex+2}
   (You found it on level 2 of the Dungeon)

   Dex+2:     It affects your dexterity (+2).
   rC-:       It makes you vulnerable to cold.
   +Blink:    It lets you blink.
 C - a +2 cloak (worn)
 E - a +2 kite shield (worn)
Jewellery
 h - a ring of resist corrosion (left hand)
 k - an amulet of the acrobat (around neck)
 x - a ring of magical power
 F - a ring of magical power
Wands
 f - a wand of charming (8)
 o - a wand of flame (10)
Scrolls
 e - a scroll of revelation
 u - 4 scrolls of identify
 v - a scroll of teleportation
 B - a scroll of brand weapon
Potions
 d - a potion of might
 i - a potion of haste
 l - a potion of invisibility
 q - 2 potions of enlightenment
 r - 2 potions of mutation
 A - a potion of lignification


   Skills:
 - Level 7.0 Fighting
 - Level 3.6 Maces & Flails
 - Level 5.0 Polearms
 - Level 6.0 Armour
 + Level 4.7 Shields
 - Level 6.1 Spellcasting
 - Level 5.6 Transmutations


You had 19 spell levels left.
You knew the following spells:

 Your Spells              Type           Power      Damage    Failure   Level
a - Wereblood             Tmut           19%        N/A       16%         2

Your spell library contained the following spells:

 Spells                   Type           Power      Damage    Failure   Level
 Kiss of Death            Conj/Necr      16%        2d6       71%         1
 Necrotise                Necr           16%        1d4       71%         1
 Confusing Touch          Hex            4%         N/A       97%         3
 Vampiric Draining        Necr           4%         2d6       97%         3
 Dispel Undead            Necr           4%         3d7       100%        4
 Agony                    Necr           4%         N/A       100%        5
 Summon Hydra             Summ           2%         N/A       100%        7
 Sublimation of Blood     Necr           Unusable   N/A       N/A         2

Dungeon Overview and Level Annotations

Branches:
Dungeon (7/15)
 Temple: D:4-7

Altars:
Dithmenos
Elyvilon
Kikubaaqudgha
Makhleb
Okawaru
Uskayaw
Xom

Shops:
D:5 (

Annotations:
D:7 Prince Ribbit


Innate Abilities, Weirdness & Mutations

You are immune to sickness and miasma.
Your stone body is resilient. (AC +7)
You are immune to poison.
You resist negative energy. (rN+)
You are resistant to electric shocks. (rElec)
You are resistant to unholy torment.
You are immune to petrification.


Message History

You block the killer bee's attack.
Unknown command.
You puncture the killer bee!
You feel better.
The killer bee is heavily wounded.
The killer bee barely misses you. You block the killer bee's attack.
The killer bee stings you.
* * * LOW HITPOINT WARNING * * *
Unknown command.
You barely miss the killer bee.
The killer bee is heavily wounded.
The killer bee stings you but does no damage.
You block the killer bee's attack.
Unknown command.
You barely miss the killer bee.
The killer bee is heavily wounded.
The killer bee stings you but does no damage.
You block the killer bee's attack.
Prince Ribbit blinks!
Unknown command.
You completely miss the killer bee.
The killer bee is heavily wounded.
Your attacks no longer feel as feeble.
You block the killer bee's attack. The killer bee barely misses you.
The gnoll bouda gazes fiercely through you!
You feel your attacks grow feeble.
The killer bee stings you but does no damage.
You closely miss the killer bee.
The killer bee is heavily wounded.
You block the killer bee's attack. The killer bee barely misses you.
Prince Ribbit blinks!
Unknown command.
You completely miss the killer bee.
The killer bee is heavily wounded.
The killer bee barely misses you.
Prince Ribbit croaks regally.
The killer bee stings you.
* * * LOW HITPOINT WARNING * * *
Unknown command.
As you read the scroll of teleportation, it crumbles to dust.
You feel strangely unstable. The killer bee stings you.
You die...

### ###### . #..
##....## ..
#.###......# ...
#.##..#$$# , ..#.
#..'...##g..# .....
#..'...# ..#
......###.##..#$$# .#
.......@yg.##......##
.?#######F..##....##
###..###### ##>†...#
#####.# #.#
############.#
#..........#.#####
#..........#.#...###


You could see Prince Ribbit, a gnoll bouda and a killer bee.

Vanquished Creatures
  Pikel (D:5)
  Sigmund (D:5)
  A wyvern (D:7)
  Eustachio (D:5)
  Edmund (D:4)
  4 water moccasins
  2 black bears (D:4)
  An ice beast (D:7)
  A phantom (D:5)
  A centaur (D:7)
  4 lemures (D:4)
  2 bullfrogs
  A gnoll sergeant (D:6)
  5 scorpions
  6 killer bees (D:7)
  3 orc priests
  4 jellies
  Crazy Yiuf (D:5)
  5 hounds
  Jessica (D:2)
  2 iguanas (D:6)
  A sleepcap (D:6)
  Terence (D:3)
  Natasha (thrice) (D:2)
  4 orc wizards
  Robin (D:2)
  4 gnolls (D:6)
  8 adders
  A shadow imp (D:7)
  2 ufetubi
  2 worms (D:2)
  2 dart slugs
  19 orcs
  4 ball pythons
  3 bats
  6 endoplasms
  4 giant cockroaches
  14 goblins
  9 hobgoblins
  3 jackals (D:1)
  3 quokkas
  2 frilled lizards
  9 kobolds
  A rat (D:1)
154 creatures vanquished.

Vanquished Creatures (others)
  A goblin (D:2)
1 creature vanquished.

Grand Total: 155 creatures vanquished

Notes
Turn   | Place    | Note
-------+----------+-------------------------------------------
     0 | D:1      | Newt the Gargoyle Fighter began the quest for the Orb.
     0 | D:1      | Reached XP level 1. HP: 14/14 MP: 1/1
    67 | D:1      | Reached XP level 2. HP: 18/20 MP: 2/2
    85 | D:1      | Reached skill level 4 in Fighting
   444 | D:1      | Reached XP level 3. HP: 20/24 MP: 3/3
   576 | D:1      | Found a faded altar of an unknown god.
   744 | D:2      | Noticed Jessica
   762 | D:2      | Killed Jessica
   763 | D:2      | Reached XP level 4. HP: 17/29 MP: 4/4
   953 | D:2      | Noticed Robin
   970 | D:2      | Killed Robin
   971 | D:2      | Reached skill level 5 in Armour
  1168 | D:2      | Noticed Natasha
  1188 | D:2      | Killed Natasha
  1189 | D:2      | Reached XP level 5. HP: 20/33 MP: 5/5
  1262 | D:2      | Noticed Natasha
  1274 | D:2      | Killed Natasha
  1330 | D:2      | Noticed Natasha
  1341 | D:2      | Killed Natasha
  1553 | D:2      | Identified the +4 helmet of the Original Sin {+Blink rC-
                  | Dex+2}
  1615 | D:2      | Reached skill level 1 in Spellcasting
  1822 | D:3      | Reached skill level 1 in Transmutations
  1858 | D:3      | Reached XP level 6. HP: 9/38 MP: 6/8
  2538 | D:3      | Noticed Terence
  2551 | D:3      | Killed Terence
  2795 | D:4      | Learned a level 2 spell: Wereblood
  2811 | D:4      | Noticed a black bear
  2830 | D:4      | Killed a black bear
  2831 | D:4      | Reached XP level 7. HP: 26/43 MP: 11/11
  3149 | D:4      | Found a white marble altar of Elyvilon.
  3607 | D:4      | Found a hide-covered altar of Uskayaw.
  3607 | D:4      | Found a shimmering altar of Xom.
  3737 | D:5      | Entered Level 5 of the Dungeon
  3737 | D:5      | Noticed Pikel
  3759 | D:4      | HP: 2/64 [lemure[Pikel] (5)]
  4236 | D:5      | Killed Pikel
  4237 | D:5      | Reached skill level 5 in Spellcasting
  4237 | D:5      | Reached XP level 8. HP: 32/48 MP: 13/15
  4558 | D:5      | Found a runed translucent door.
  4559 | D:5      | Noticed Crazy Yiuf
  4703 | D:5      | Noticed Sigmund
  4711 | D:5      | Killed Sigmund
  4712 | D:5      | Reached skill level 5 in Transmutations
  4849 | D:5      | Found an iron altar of Okawaru.
  4878 | D:5      | Found Hokoeg's Weapon Emporium.
  5016 | D:5      | Noticed Eustachio
  5019 | D:5      | Noticed Edmund
  5046 | D:4      | Killed Edmund
  5047 | D:4      | Reached XP level 9. HP: 47/53 MP: 18/18
  5074 | D:5      | Killed Eustachio
  5075 | D:5      | Reached skill level 5 in Fighting
  5382 | D:5      | Killed Crazy Yiuf
  5510 | D:6      | Found an ancient bone altar of Kikubaaqudgha.
  5522 | D:6      | Found a burning altar of Makhleb.
  5524 | D:6      | Noticed a blizzard demon
  5710 | D:6      | Reached skill level 6 in Fighting
  5838 | D:6      | Reached skill level 7 in Fighting
  6681 | D:6      | HP: 2/57 [gnoll sergeant/+4 vampiric trident (10)]
  6911 | D:6      | Reached skill level 1 in Polearms
  7474 | D:7      | Found a shadowy altar of Dithmenos.
  7602 | D:7      | Reached skill level 5 in Polearms
  7602 | D:7      | Reached XP level 10. HP: 63/63 MP: 19/19
  7631 | D:7      | Noticed Prince Ribbit
  7667 | D:7      | HP: 3/63 [killer bee (7)]
  7676 | D:7      | HP: 3/63 [killer bee (3)]
  7677 | D:7      | Slain by a killer bee

Illustrated notes

Levels and vault maps discovered:
D:1:      dpeg_arrival_tiny_f, layout_basic,
          shapermc_ecumenical_altar_hornbeckon
D:2:      layout_basic, st_stairs_13, uniq_robin, uniq_natasha, uniq_jessica
D:3:      layout_rooms, uniq_terence
D:4:      layout_basic, lemuel_doored_altar, mainiacjoe_overflow_divided_tiny,
          kennysheep_boxes
D:5:      layout_cave_pods, kennysheep_mini_moat, serial_shops,
          nicolae_shop_rolling_square, uniq_edmund, uniq_sigmund,
          uniq_eustachio, uniq_crazy_yiuf_cottage, uniq_pikel
D:6:      minmay_skewed_foursquare, layout_loops_corners,
          makhleb_altar_promises_db, kennysheep_little_box
D:7:      minmay_polygon_palace, layout_basic,
          grunt_dithmenos_smoke_and_mirrors, mainiacjoe_overflow_alcove_1,
          minmay_temple_entry_slanted, uniq_jeremiah, uniq_prince_ribbit1

Skill      XL: |  1  2  3  4  5  6  7  8  9 10 |
---------------+-------------------------------+-----
Fighting       | 4 7 |  7.0
Armour         | 4 5 6 |  6.0
Spellcasting   | 1 3 5 6 |  6.1
Transmutations | 1 2 4 5 |  5.6
Maces & Flails | 3 |  3.6
Polearms       | 5 |  5.0
Shields        | 4 |  4.7

Action                     |  1- 3 |  4- 6 |  7- 9 | 10-12 || total
---------------------------+-------+-------+-------+-------++-------
  Melee: Flail             |    23 |       |   125 |       ||   148
         Dagger            |    70 |   273 |       |       ||   343
         Hand axe          |       |    16 |   152 |       ||   168
         Trident           |       |       |    85 |    49 ||   134
  Throw: Javelin           |       |       |     1 |       ||     1
    Use: Scroll            |     3 |     3 |     8 |     1 ||    15
         Potion            |       |     2 |     9 |     1 ||    12
 Armour: Scale mail        |    80 |   232 |   371 |    84 ||   767
         Skin              |       |       |    21 |       ||    21
  Dodge: Dodged            |    57 |   106 |   290 |    45 ||   498
  Block: Buckler           |    19 |    52 |    94 |       ||   165
         Kite shield       |       |       |    57 |    59 ||   116

Table legend: (Time is in decaauts)
 A = Elapsed time spent in this place.
 B = Non-inter-level travel time spent in this place.
 C = Inter-level travel time spent in this place.
 D = Time resting spent in this place.
 E = Time spent auto-exploring this place.
 F = Levels seen in this place.
 G = Mean time per level.
                   A        B        C        D        E       F      G
               +--------+--------+--------+--------+--------+-----+--------+
         Total |   7837 |   7514 |    323 |   1733 |   4343 |   7 | 1119.6 |
       Dungeon |   7837 |   7514 |    323 |   1733 |   4343 |   7 | 1119.6 |
               +--------+--------+--------+--------+--------+-----+--------+

Top non-repeatable levels by time:
     D:6: 1891 daAuts
     D:4: 1662 daAuts
     D:5: 1272 daAuts
     D:2: 1112 daAuts
     D:3: 817 daAuts
     D:1: 718 daAuts
     D:7: 362 daAuts
